 Dungeon Crawl Stone Soup version 0.28-a0-1199-gef9e1dbd39 (console) character file.

Game seed: 5081393674765734900

210 jejorda2 the Poker (level 5, -2/43 HPs)
             Began as a Merfolk Berserker on Dec 19, 2021.
             Was a Believer of Trog.
             Slain by a scorpion (4 damage)
             ... on level 4 of the Dungeon.
             The game lasted 00:05:45 (3540 turns).

jejorda2 the Poker (Merfolk Berserker)              Turns: 3540, Time: 00:05:46

Health: -2/43      AC:  9    Str: 19    XL:     5   Next: 87%
Magic:  5/5        EV: 11    Int: 10    God:    Trog [**....]
Gold:   137        SH:  0    Dex: 13    Spells: 4/4 levels left

rFire   + . .      SeeInvis .   a - +0 spear
rCold   . . .      Faith    .   (no shield)
rNeg    . . .      Spirit   .   o - +1 ring mail
rPois   .          Reflect  .   m - +2 helmet {Int+3}
rElec   .          Harm     .   (no cloak)
rCorr   .          Rampage  .   (no gloves)
Will    ++...                   (no boots)
Stlth   +.........              (no amulet)
HPRegen 1.14/turn               b - ring of protection from fire
MPRegen 0.09/turn               (no ring)

@: lethally poisoned (-2 -> -3), strong-willed, regenerating
A: (nimble swimmer 2), mertail
a: Renounce Religion, Berserk, Trog's Hand


You were on level 4 of the Dungeon.
You worshipped Trog.
Trog was pleased with you.
You visited 1 branch of the dungeon, and saw 4 of its levels.

You collected 137 gold pieces.

Inventory:

Hand Weapons
 a - a +0 spear (weapon)
Missiles
 f - 120 stones (quivered)
Armour
 m - a +2 helmet of intelligence (worn)
 o - a +1 ring mail (worn)
Jewellery
 b - a ring of protection from fire (left hand)
Wands
 l - a wand of polymorph (4)
 p - a wand of mindburst (9)
Scrolls
 d - a scroll of fog {unknown}
 e - 2 scrolls of enchant armour
 k - a scroll of vulnerability
Potions
 c - a potion of flight
 g - a potion of ambrosia {unknown}
 h - 3 potions of curing
 i - 2 potions of brilliance
 j - a potion of invisibility {unknown}
 n - a potion of attraction {unknown}


   Skills:
 + Level 4.4 Fighting
 * Level 7.2 Polearms
 + Level 2.4 Armour
 - Level 2.6 Dodging


You had 4 spell levels left.
You didn't know any spells.
Your spell library was empty.

Dungeon Overview and Level Annotations

Branches:
Dungeon (4/15)
 Temple: D:4-7

Altars:
Ashenzari
Kikubaaqudgha
Qazlal
Ru
Vehumet
The Shining One


Innate Abilities, Weirdness & Mutations

((You are quick and stealthy near water. (Stealth+, EV+, Speed+++)))
Your lower body shifts to a powerful aquatic tail in water.


Message History

You feel sick. The scorpion stings you.
You are more poisoned.
The scorpion poisons you!
You hit the scorpion.
The scorpion is heavily wounded.
You feel very sick. The scorpion stings you.
You closely miss the scorpion.
The scorpion is heavily wounded.
You feel very sick. The scorpion stings you.
You are lethally poisoned!
The scorpion poisons you!
You hit the scorpion.
The scorpion is severely wounded.
You feel very sick. The scorpion misses you.
Your skin crawls.
You feel strong-willed.
You feel very sick.
The scorpion stings you but does no damage.
You fail to use your ability.
You feel very sick.
The scorpion stings you but does no damage.
You hit the scorpion but do no damage.
The scorpion is severely wounded.
You feel very sick. The scorpion closely misses you.
You closely miss the scorpion.
The scorpion is severely wounded.
You feel sick. The scorpion barely misses you.
You hit the scorpion but do no damage.
The scorpion is severely wounded.
You feel sick. The scorpion stings you.
* * * LOW HITPOINT WARNING * * *
You hit the scorpion.
The scorpion is severely wounded.
* * * LOW HITPOINT WARNING * * *
You feel sick. The scorpion stings you.
You die...

#. #...#.#...#.##†## #...#
.#..#.###(###.#.##..#####(..#
................###...##...##
#..########..#### ###......##
## ##(.## ##......# ##..#
#......## ##.## ##......###
##s## ##..####..# ##@## #..##
#### ##.####.## ###...##
#####


You could see a scorpion.

Vanquished Creatures
  2 jellies (D:4)
  A hound (D:3)
  Jessica (D:2)
  A hound skeleton (D:4)
  Robin (D:2)
  An adder (D:4)
  A worm (D:3)
  3 dart slugs
  An orc (D:3)
  5 ball pythons
  3 endoplasms
  3 giant cockroaches
  11 goblins
  4 hobgoblins
  7 kobolds
  A quokka (D:1)
  2 bats
  3 frilled lizards
  5 rats
56 creatures vanquished.

Notes
Turn   | Place    | Note
-------+----------+-------------------------------------------
     0 | D:1      | jejorda2 the Merfolk Berserker began the quest for the Orb.
     0 | D:1      | Reached XP level 1. HP: 18/18 MP: 1/1
   301 | D:1      | Reached XP level 2. HP: 24/24 MP: 2/2
   486 | D:1      | Reached skill level 5 in Polearms
   498 | D:1      | Found a faded altar of an unknown god.
   946 | D:2      | Noticed Jessica
   952 | D:2      | Killed Jessica
   953 | D:2      | Reached XP level 3. HP: 30/30 MP: 3/3
  1136 | D:2      | Noticed Robin
  1160 | D:2      | Killed Robin
  1161 | D:2      | Reached skill level 6 in Polearms
  1161 | D:2      | Reached XP level 4. HP: 33/37 MP: 4/4
  1172 | D:2      | Reached ** piety under Trog
  1895 | D:3      | Reached XP level 5. HP: 30/42 MP: 5/5
  2020 | D:3      | Found a radiant altar of Vehumet.
  2054 | D:3      | Found a broken altar of Ashenzari.
  2648 | D:3      | Found an ancient bone altar of Kikubaaqudgha.
  2649 | D:3      | Found a glowing golden altar of the Shining One.
  2859 | D:4      | Found a stormy altar of Qazlal.
  3043 | D:4      | HP: 3/63 [acid (1)]
  3045 | D:4      | Reached skill level 7 in Polearms
  3478 | D:4      | Found a sacrificial altar of Ru.
  3540 | D:4      | HP: 2/43 [poisoned by a scorpion]
  3540 | D:4      | Slain by a scorpion

Illustrated notes

Levels and vault maps discovered:
D:1:      elethiomel_arrival_infinity_welcomes_careful_drivers, layout_rooms,
          hellmonk_ecumenical_altar_heavens_door
D:2:      layout_loops_cross, uniq_jessica, uniq_robin
D:3:      layout_basic, vehumet_crystals, overflow_temple_1_default,
          gammafunk_temple_overflow_statue
D:4:      layout_layer_cave, mainiacjoe_overflow_large_starburst

Skill      XL: |  1  2  3  4  5 |
---------------+----------------+-----
Polearms       | 5 6 7 |  7.2
Armour         | 2 |  2.4
Fighting       | 4 |  4.4
Dodging        | |  2.6

Action                   |  1- 3 |  4- 6 || total
-------------------------+-------+-------++-------
Melee: Spear             |    86 |   112 ||   198
Throw: Stone             |    23 |     6 ||    29
Invok: Berserk           |     2 |     1 ||     3
       Trog's Hand       |       |     1 ||     1
  Use: Scroll            |       |     7 ||     7
 Stab: Sleeping          |     3 |     1 ||     4
Armor: Animal skin       |     7 |     1 ||     8
       Ring mail         |       |    16 ||    16
Dodge: Dodged            |    28 |    31 ||    59

Table legend: (Time is in decaauts)
 A = Elapsed time spent in this place.
 B = Non-inter-level travel time spent in this place.
 C = Inter-level travel time spent in this place.
 D = Time resting spent in this place.
 E = Time spent auto-exploring this place.
 F = Levels seen in this place.
 G = Mean time per level.
                   A        B        C        D        E       F      G
               +--------+--------+--------+--------+--------+-----+--------+
         Total |   3532 |   3367 |    165 |    391 |   2562 |   4 |  883.0 |
       Dungeon |   3532 |   3367 |    165 |    391 |   2562 |   4 |  883.0 |
               +--------+--------+--------+--------+--------+-----+--------+

Top non-repeatable levels by time:
     D:3: 1012 daAuts
     D:1: 880 daAuts
     D:2: 852 daAuts
     D:4: 786 daAuts
